[Event "Titled Tuesday Blitz May 31 Early 2022"]
[White "Hua, Lefong"]
[Black "Bintang, Rasyid A. Hidayat"]
[WhiteFideId "2602253"]
[BlackFideId "7105355"]
[WhiteElo "2621"]
[BlackElo "2452"]
[Result "1-0"]
[Round "11"]
[TimeControl "180+1"]
[Date "2022.06.01"]
[WhiteClock "0:00:30"]
[BlackClock "0:00:03"]

1. d4 d5 2. c4 Nc6 3. cxd5 Qxd5 4. e3 e5 5. Nc3 Bb4 6. Bd2 Bxc3 7. Bxc3 exd4 8. Ne2 Bg4 9. f3 O-O-O 10. Nxd4 Be6 11. Qa4 Nge7 12. Be2 Kb8 13. O-O Rhg8 14. Rfd1 Qg5 15. f4 Qg6 16. Bf3 Bg4 17. Nxc6+ Nxc6 18. Rxd8+ Rxd8 19. Bxc6 Qxc6 20. Qxc6 bxc6 21. Bd4 f6 22. Kf2 c5 23. Bc3 Rd1 24. Rxd1 Bxd1 25. e4 Bg4 26. f5 Bd1 27. Ke3 Bc2 28. g4 Kc8 29. h4 Kd7 30. g5 Ke7 31. Kf4 Bd3 32. Be1 Kf7 33. Bf2 Bb1 34. a3 a5 35. Bxc5 a4 36. Bd4 Bc2 37. Bc3 Bd3 38. Bd2 Bc2 39. Bc3 Bd3 40. Be1 Bc2 41. Bg3 c5 42. Bf2 c4 43. Ke3 Bb3 44. Kd4 Ba2 45. Be1 Bb3 46. Bc3 Ba2 47. Kd5 Bb3 48. Kd6 Ba2 49. Kc5 Bb3 50. Kb5 Bc2 51. e5 fxe5 52. Bxe5 Kf8 53. f6 gxf6 54. gxf6 Kf7 55. Kxc4 Bb3+ 56. Kb4 Ke6 57. Bc3 Kf7 58. Kc5 Ke6 59. Kc6 1-0


[Site "https://www.chess.com"]

[Event "Titled Tuesday Blitz May 31 Early 2022"]
[White "Jarocka, Liwia"]
[Black "Wagner, Dinara"]
[WhiteFideId "21807558"]
[BlackFideId "24157570"]
[WhiteElo "1887"]
[BlackElo "2216"]
[Result "1/2-1/2"]
[Round "11"]
[TimeControl "180+1"]
[Date "2022.06.01"]
[WhiteClock "0:00:11"]
[BlackClock "0:00:10"]

1. Nf3 d5 2. d4 Nf6 3. c4 c6 4. Nc3 e6 5. cxd5 exd5 6. Bg5 Be7 7. e3 Bf5 8. Bd3 Bxd3 9. Qxd3 Nbd7 10. O-O O-O 11. a3 Ne4 12. Bxe7 Qxe7 13. Nd2 Rfe8 14. Ncxe4 dxe4 15. Qc2 Qh4 16. b4 Re6 17. Rfc1 Rae8 18. Nf1 Rg6 19. Ng3 h5 20. b5 cxb5 21. Qc7 Nf6 22. Rc5 Qg4 23. h3 Qe6 24. Re5 Qc8 25. Qxc8 Rxc8 26. Rxb5 b6 27. Nxh5 Nxh5 28. Rxh5 Rc2 29. Rf5 Rgc6 30. Kh2 Rb2 31. a4 a5 32. d5 Rcc2 33. Rd1 Rd2 34. Rc1 g6 35. Rf4 Rxf2 36. Rxf2 Rxf2 37. Rb1 Rf6 38. g4 Rd6 39. Rb5 g5 40. Kg3 Kg7 41. h4 gxh4+ 42. Kxh4 Kf6 43. Kg3 Ke5 44. g5 Kf5 45. Kh4 f6 46. gxf6 Kxf6 47. Kg4 Ke5 48. Kg5 Rxd5 49. Rxb6 Rd3 50. Rb5+ Rd5 51. Rxd5+ Kxd5 52. Kf4 Kc4 53. Kxe4 Kb4 54. Kd3 Kxa4 55. Kc3 Kb5 56. e4 Kc5 57. Kb3 Kd4 58. Ka4 Kxe4 59. Kxa5 1/2-1/2


[Site "https://www.chess.com"]

[Event "Titled Tuesday Blitz May 31 Early 2022"]
[White "Jumabayev, Rinat"]
[Black "Hambleton, Aman"]
[WhiteFideId "13702661"]
[BlackFideId "2606577"]
[WhiteElo "2561"]
[BlackElo "2552"]
[Result "0-1"]
[Round "11"]
[TimeControl "180+1"]
[Date "2022.05.31"]
[WhiteClock "0:00:05"]
[BlackClock "0:00:06"]

1. g3 d5 2. Bg2 c6 3. d3 Nf6 4. Nd2 h6 5. e4 e5 6. Ngf3 Bd6 7. O-O O-O 8. exd5 cxd5 9. c4 dxc4 10. Nxc4 Nc6 11. Re1 Re8 12. a3 Bc7 13. b4 b5 14. Ne3 Rb8 15. Bb2 Bb7 16. Rc1 Bb6 17. Nf5 Ng4 18. Rc2 Qd7 19. N3h4 Nf6 20. Qf3 Nd4 21. Nxd4 Bxf3 22. Ndxf3 Rbc8 23. Rce2 Bd4 24. Nxe5 Bxe5 25. Bxe5 Ng4 26. d4 Nxe5 27. dxe5 Rcd8 28. Be4 Qe7 29. f4 Rc8 30. Nf5 Qd7 31. Nd6 Rc3 32. Nxe8 Qxe8 33. Rd1 g6 34. Red2 Qe6 35. Kg2 Qc4 36. Bd5 Qc7 37. e6 fxe6 38. Bxe6+ Kf8 39. Rd8+ Ke7 40. R1d7+ Kxe6 41. Rxc7 Rxc7 42. Kh3 Rc3 43. Rh8 Rxa3 44. Rxh6 Kf5 45. Kh4 Ra4 46. g4+ Kxf4 47. Rxg6 Rxb4 48. Rf6+ Ke5 49. Rf5+ Ke6 50. Kg5 a5 51. h4 a4 52. h5 a3 53. Rf1 a2 54. Ra1 Ra4 55. h6 Kf7 56. Kf5 b4 57. g5 Ra5+ 58. Ke4 b3 59. h7 Kg7 60. Rh1 Kh8 61. g6 a1=Q 62. Rxa1 Rxa1 63. Kf5 Ra7 64. Ke5 b2 0-1


[Site "https://www.chess.com"]

[Event "Titled Tuesday Blitz May 31 Early 2022"]
[White "Koellner, Ruben Gideon"]
[Black "Stribuk, Artiom"]
[WhiteFideId "12993093"]
[BlackFideId "13515659"]
[WhiteElo "2553"]
[BlackElo "2259"]
[Result "0-1"]
[Round "11"]
[TimeControl "180+1"]
[Date "2022.06.01"]
[WhiteClock "0:00:01"]
[BlackClock "0:00:03"]

1. d4 Nf6 2. Bg5 d5 3. e3 Bf5 4. Bxf6 gxf6 5. c4 c6 6. Nc3 e6 7. Bd3 Bg6 8. Nge2 Bd6 9. c5 Bc7 10. b4 a6 11. a4 Nd7 12. Qc2 O-O 13. O-O e5 14. Bf5 Qe7 15. b5 axb5 16. axb5 exd4 17. exd4 Ba5 18. b6 Bxc3 19. Nxc3 Nxc5 20. dxc5 Qxc5 21. Bxg6 hxg6 22. Qb2 Rfe8 23. g3 Kg7 24. Qb3 d4 25. Na4 Qh5 26. Nb2 Rh8 27. h4 Ra5 28. Rxa5 Qxa5 29. Qd3 Rd8 30. Nc4 Qd5 31. Rd1 c5 32. Rc1 Qc6 33. Rd1 Ra8 34. Rb1 Ra2 35. Rc1 Qd5 36. Re1 Qc6 37. Rc1 Qa4 38. Kg2 Qb4 39. Qf3 Ra6 40. Qxb7 Qb5 41. Qd5 d3 42. Qxd3 Rxb6 0-1


[Site "https://www.chess.com"]

[Event "Titled Tuesday Blitz May 31 Early 2022"]
[White "Korchmar, Vasiliy"]
[Black "Nasir, Zehn"]
[WhiteFideId "24131750"]
[BlackFideId "2613239"]
[WhiteElo "2370"]
[BlackElo "1993"]
[Result "1/2-1/2"]
[Round "11"]
[TimeControl "180+1"]
[Date "2022.05.31"]
[WhiteClock "0:00:10"]
[BlackClock "0:00:41"]

1. e4 c6 2. d4 d5 3. e5 Bf5 4. c4 e6 5. Nc3 Nd7 6. cxd5 cxd5 7. h4 h5 8. Nge2 Ne7 9. Ng3 Bg6 10. Bd3 Bxd3 11. Qxd3 Ng6 12. Bg5 Qb6 13. f4 Rc8 14. O-O Be7 15. Bxe7 Nxe7 16. Nb5 O-O 17. Nd6 g6 18. Nxc8 Rxc8 19. Rfc1 Nc6 20. Ne2 Qd8 21. g3 Nb6 22. Rc3 Na4 23. Rc2 Kg7 24. Rac1 Qe7 25. Qb5 Nb6 26. Qc5 Qd7 27. Qb5 Qe7 28. Rc5 Nc4 29. b3 Nb6 30. Qd3 Nb4 31. Qd2 Nc6 32. a3 Qd7 33. Kg2 Qe7 34. Kh2 Qd7 35. Ng1 Rb8 36. Nf3 Rc8 37. Ng5 Qe7 38. Qd3 Qd7 39. Qd2 Qe7 40. a4 Rb8 41. a5 Nd7 42. Rb5 a6 43. Rb6 Nxb6 44. axb6 Qb4 45. Qxb4 Nxb4 46. Rc7 Nd3 47. Rxf7+ Kg8 48. Rc7 Nf2 49. Nxe6 Ne4 50. Nc5 Nd2 51. Rxb7 Rxb7 52. Nxb7 Nxb3 53. Nc5 Na5 54. b7 Nc6 55. Nxa6 Kf7 56. b8=Q Nxb8 57. Nxb8 Ke6 58. Na6 Kf5 59. Nb4 Kg4 60. e6 g5 61. e7 gxh4 62. e8=Q h3 63. Qg6+ Kf3 64. Qxh5+ Ke3 65. Kxh3 Kxd4 66. Qxd5+ Ke3 67. f5 Kf2 68. g4 Ke3 69. g5 Kf2 70. f6 Ke3 71. f7 Kf2 72. g6 Ke2 73. g7 Ke3 74. Nc6 Ke2 75. Na5 Ke3 76. Nc4+ Ke2 77. Nb6 Ke1 78. Na8 Ke2 79. Qd8 Ke1 80. Kg4 Ke2 81. Kf5 Ke1 82. Ke6 Ke2 83. Kd7 Ke1 84. Kc8 Ke2 85. Kb8 Ke3 86. f8=Q Ke4 87. g8=Q Ke5 88. Qde8+ Kd4 89. Qef7 Kc3 90. Qf8g7+ Kb4 91. Qfg6 Kc5 92. Kc7 Kb5 93. Kb8 Ka5 94. Q7h8 Kb5 95. Q6h7 Kc5 96. Nc7 Kc6 97. Ne6 Kd6 98. Nf8 Kc6 99. Ng6 Kb6 100. Qh8g7 Kc6 101. Nh8 Kc5 102. Qgh6 Kb4 103. Qgg6 Kc3 104. Qhg5 Kc4 105. Qhh4+ Kc3 106. Qe3+ Kb2 107. Qgg3 Kc2 108. Qhh3 Kb2 109. Kc7 Kc2 110. Kd6 Kb2 111. Ke5 Kc2 112. Kf6 Kb2 113. Nf7 Kc2 114. Nd6 Kb2 115. Ne8 Kc2 116. Nc7 Kb2 117. Na8 Kc2 118. Kg7 Kb2 119. Kh8 Kc2 120. Qef3 Kb2 121. Qfg2+ Kc1 122. Qg3h2 Kd1 123. Q3g3 Kc1 124. Q3f2 Kb1 125. Qe2 Kc1 126. Qgf2 Kb1 127. Qhg2 Kc1 128. Kh7 Kb1 129. Kh6 Ka1 130. Kh5 Kb1 131. Kh4 Ka1 132. Kh3 Kb1 133. Kh2 Ka1 134. Nc7 Kb1 135. Qd2 Ka1 136. Qfe2 Kb1 137. Qgf2 1/2-1/2


[Site "https://www.chess.com"]

[Event "Titled Tuesday Blitz May 31 Early 2022"]
[White "Kostiukov, Alexandr"]
[Black "Kim, Sergey"]
[WhiteFideId "14108100"]
[BlackFideId "13700570"]
[WhiteElo "2202"]
[BlackElo "2573"]
[Result "0-1"]
[Round "11"]
[TimeControl "180+1"]
[Date "2022.06.01"]
[WhiteClock "0:00:05"]
[BlackClock "0:00:33"]

1. g3 Nf6 2. Bg2 g6 3. c4 Bg7 4. Nf3 d6 5. O-O O-O 6. d4 Nbd7 7. Nc3 e5 8. e4 exd4 9. Nxd4 Re8 10. Re1 Nc5 11. Nb3 Ne6 12. h3 h6 13. Be3 Ng5 14. Bxg5 hxg5 15. Qd2 g4 16. hxg4 Nxg4 17. Rad1 Be6 18. Bf1 Ne5 19. Be2 Bxc4 20. f4 Bxe2 21. Qxe2 Nd7 22. Kg2 Nb6 23. Qd3 Qe7 24. Re2 Rad8 25. Rde1 Qd7 26. Qf3 c6 27. Rd1 Qe6 28. Rde1 Nc4 29. g4 b5 30. g5 Qe7 31. Rh1 a5 32. Qg4 Nxb2 33. Rxb2 Bxc3 34. Re2 Bg7 35. Qh4 a4 36. Kg3 Qa7 37. Reh2 Qe3+ 38. Kg4 Kf8 39. Qh7 axb3 40. axb3 Rxe4 41. Qxg7+ Kxg7 42. Rh7+ Kf8 43. Rh8+ Ke7 44. Rxd8 Kxd8 45. Rh8+ Ke7 0-1


[Site "https://www.chess.com"]

[Event "Titled Tuesday Blitz May 31 Early 2022"]
[White "Le, Tuan Minh"]
[Black "Kosteniuk, Alexandra"]
[WhiteFideId "12401153"]
[BlackFideId "4128125"]
[WhiteElo "2450"]
[BlackElo "2469"]
[Result "1-0"]
[Round "11"]
[TimeControl "180+1"]
[Date "2022.05.31"]
[WhiteClock "0:00:02"]
[BlackClock "0:00:01"]

1. d4 Nf6 2. Nf3 d5 3. Bf4 c5 4. c3 Nc6 5. e3 Qb6 6. Qc2 Bf5 7. dxc5 Bxc2 8. cxb6 axb6 9. Na3 Bg6 10. Nb5 Rc8 11. Rd1 e6 12. Be2 Na5 13. O-O Be7 14. Bc7 Nd7 15. b4 Nc6 16. Nd6+ Bxd6 17. Bxd6 Ne7 18. Bb5 f6 19. c4 Bf7 20. cxd5 exd5 21. Rc1 Nc6 22. Nd4 Na7 23. Ba4 g6 24. Rfe1 Kd8 25. Bg3 Ne5 26. Red1 Nc4 27. Bb3 b5 28. e4 Ke7 29. exd5 Bxd5 30. Nxb5 Nxb5 31. Rxd5 Nba3 32. Re1+ Kf8 33. Rd7 b5 34. h4 Re8 35. Red1 Re7 36. Bf4 Kf7 37. Bc1 Ra8 38. R7d5 Rc7 39. Bf4 1-0


[Site "https://www.chess.com"]

[Event "Titled Tuesday Blitz May 31 Early 2022"]
[White "Ljukin, Sergei"]
[Black "Yang, Kaiqi"]
[WhiteFideId "14102200"]
[BlackFideId "8604398"]
[WhiteElo "2312"]
[BlackElo "2373"]
[Result "1-0"]
[Round "11"]
[TimeControl "180+1"]
[Date "2022.06.01"]
[WhiteClock "0:00:08"]
[BlackClock "0:00:07"]

1. e4 e6 2. d4 d5 3. Nc3 Bb4 4. e5 c5 5. a3 Bxc3+ 6. bxc3 Qc7 7. Qg4 f6 8. Bb5+ Nc6 9. Nf3 a6 10. Bxc6+ bxc6 11. a4 cxd4 12. cxd4 Qf7 13. Ba3 Ne7 14. O-O O-O 15. Rab1 Re8 16. exf6 Qxf6 17. Ne5 Nf5 18. a5 Ra7 19. Rb6 Bd7 20. Bc5 Rc8 21. Rb3 Rac7 22. Bb6 Rb7 23. Bd8 Rxd8 24. Rxb7 Be8 25. Qf4 g5 26. Qd2 c5 27. c3 Bb5 28. Re1 cxd4 29. cxd4 Rc8 30. h3 h6 31. f4 Rf8 32. fxg5 hxg5 33. Nf3 g4 34. hxg4 Ng7 35. Qg5 Qxg5 36. Nxg5 Rf4 37. Nxe6 Nxe6 38. Rxe6 Rxd4 39. Rd6 Rf4 40. Rxd5 Rf1+ 41. Kh2 Rf8 42. Kg3 Re8 43. g5 Re3+ 44. Kf4 Re8 45. Rc5 Rf8+ 46. Kg3 Re8 47. Rbc7 Rd8 48. Rc8 Rxc8 49. Rxc8+ Kg7 50. Rc5 Kg6 51. Kf4 Bd7 52. Rd5 Bc6 53. Rd6+ 1-0


[Site "https://www.chess.com"]

[Event "Titled Tuesday Blitz May 31 Early 2022"]
[White "Lopez Del Alamo, Antonio"]
[Black "Bethke, Richard"]
[WhiteFideId "2227339"]
[BlackFideId "12959243"]
[WhiteElo "2089"]
[BlackElo "2508"]
[Result "0-1"]
[Round "11"]
[TimeControl "180+1"]
[Date "2022.06.01"]
[WhiteClock "0:00:51"]
[BlackClock "0:00:07"]

1. e4 c5 2. Nf3 d6 3. d4 cxd4 4. Nxd4 Nf6 5. Nc3 a6 6. Be2 e5 7. Nb3 Be7 8. Be3 O-O 9. g4 Nc6 10. g5 Nd7 11. Qd2 b5 12. O-O-O Bb7 13. h4 b4 14. Nd5 a5 15. Nxe7+ Nxe7 16. Qxd6 a4 17. Qxd7 Qxd7 18. Rxd7 axb3 19. Rxb7 bxa2 20. Kd2 a1=Q 21. Rxa1 Rxa1 22. Rxe7 Rb1 23. b3 Rd8+ 24. Bd3 f6 25. Rb7 Rh1 26. Rxb4 Rxh4 27. gxf6 gxf6 28. Kc3 Rc8+ 29. Kb2 h5 30. Rb7 Rh1 31. Bc4+ Kh8 32. Bh6 h4 33. Bg7+ Kh7 34. Bxf6+ Kg6 35. Bxe5 h3 36. f4 h2 37. f5+ Kh6 38. Bd3 Re8 39. Bxh2 Rxh2 40. Rb5 Kg5 41. e5 Rd8 42. Kc3 Rc8+ 43. Kd4 Rh4+ 44. Be4 Rxc2 45. e6 Kf6 46. Re5 Rd2+ 47. Ke3 Kxe5 48. Kxd2 Rxe4 49. Kd3 Kxf5 50. e7 Rxe7 51. Kd4 Ke6 52. Kc5 Rb7 53. b4 Kd7 54. b5 Kc7 55. Kb4 Kb6 56. Ka4 Rh7 57. Kb4 Rh5 0-1


[Site "https://www.chess.com"]

[Event "Titled Tuesday Blitz May 31 Early 2022"]
[White "Maksimenko, Viktor"]
[Black "Molina, Roberto Junio Brito"]
[WhiteFideId "13710478"]
[BlackFideId "2109450"]
[WhiteElo "2269"]
[BlackElo "2432"]
[Result "1/2-1/2"]
[Round "11"]
[TimeControl "180+1"]
[Date "2022.05.31"]
[WhiteClock "0:00:30"]
[BlackClock "0:00:30"]

1. Nf3 d5 2. c4 c6 3. Qa4 e6 4. g3 Nd7 5. cxd5 exd5 6. Bg2 Ngf6 7. O-O Bd6 8. d3 O-O 9. Nc3 Re8 10. Qc2 Nc5 11. b4 Ne6 12. a3 a5 13. b5 d4 14. Ne4 Nxe4 15. dxe4 cxb5 16. Rd1 Qb6 17. e3 Bc5 18. exd4 Nxd4 19. Nxd4 Bxd4 20. Rb1 Be6 21. Bb2 Bxb2 22. Qxb2 Bc4 23. Bf1 Bxf1 24. Rxf1 b4 25. axb4 a4 26. Qc2 Rec8 27. Qa2 g6 28. Rfd1 Rc7 29. Rd3 Qc6 30. Rd5 Qc4 31. Qd2 Re8 32. Ra1 b5 33. e5 Kg7 34. h4 h5 35. Ra3 Qc1+ 36. Qxc1 Rxc1+ 37. Kg2 Rb8 38. Rd7 Rc6 39. Rf3 Rf8 40. Rb7 Ra6 41. Rxb5 a3 42. Ra5 Rb6 43. Raxa3 Rxb4 44. Rae3 Rb6 45. Rf4 Re8 46. Rfe4 Re7 47. Kf3 Rb5 48. Kf4 Rc7 49. Kf3 Re7 50. e6 f6 51. Rd4 Rf5+ 52. Kg2 Re5 53. Rd7 Kf8 54. Rd8+ Re8 55. Rxe8+ Kxe8 56. Rxe5 fxe5 57. Kf3 Ke7 58. Ke4 Kxe6 59. f4 exf4 60. Kxf4 Kf6 61. g4 hxg4 62. Kxg4 Kg7 63. h5 Kh6 64. Kh4 gxh5 65. Kh3 Kg5 66. Kg3 h4+ 67. Kh3 Kh5 68. Kh2 Kg4 69. Kg2 Kf5 70. Kh2 Kg5 71. Kh1 Kg6 72. Kg1 Kh6 73. Kh1 Kg7 74. Kg1 Kf6 75. Kh1 Ke5 76. Kg1 Kf4 77. Kh1 Kg3 78. Kg1 Kg4 79. Kh1 Kf3 80. Kg1 Ke3 81. Kh1 Kf4 82. Kg1 Kg5 83. Kh1 Kh5 84. Kg1 Kh6 85. Kh1 Kg6 86. Kg1 Kg5 87. Kh1 1/2-1/2


[Site "https://www.chess.com"]

[Event "Titled Tuesday Blitz May 31 Early 2022"]
[White "Maltsevskaya, Aleksandra"]
[Black "De La Colina, Nicolas"]
[WhiteFideId "24174041"]
[BlackFideId "30946921"]
[WhiteElo "2235"]
[BlackElo "2046"]
[Result "1-0"]
[Round "11"]
[TimeControl "180+1"]
[Date "2022.05.31"]
[WhiteClock "0:00:07"]
[BlackClock "0:00:02"]

1. e4 c5 2. Nf3 Nc6 3. d4 cxd4 4. Nxd4 Nf6 5. Nc3 d6 6. g3 g6 7. Bg2 Bd7 8. O-O Bg7 9. Be3 O-O 10. h3 Ne5 11. b3 Rc8 12. Nce2 a6 13. c4 Nc6 14. Nxc6 Bxc6 15. f3 b5 16. Nd4 bxc4 17. Nxc6 Rxc6 18. Rc1 Qa5 19. bxc4 Qxa2 20. Rf2 Qa5 21. Rfc2 Rfc8 22. f4 R6c7 23. c5 dxc5 24. e5 Nd7 25. Rd2 Nf8 26. Rd8 Qa3 27. Kf2 Rxd8 28. Qxd8 Rd7 29. Qb8 Rd3 30. Re1 Rb3 31. Qc8 Rb2+ 32. Re2 Rxe2+ 33. Kxe2 Qa2+ 34. Kf1 c4 35. Bd5 Qb1+ 36. Kf2 Qc2+ 37. Ke1 Qb1+ 38. Kf2 Qc2+ 39. Ke1 Qd3 40. Qc5 c3 41. Bb3 Ne6 42. Qc8+ Bf8 43. Kf2 a5 44. Bxe6 fxe6 45. Qxe6+ Kg7 46. g4 c2 47. Qc6 Qd1 48. f5 gxf5 49. gxf5 Kg8 50. Qe6+ Kh8 51. Qf7 Bh6 52. Qe8+ Kg7 53. Qxe7+ Kg8 54. Qe8+ 1-0


[Site "https://www.chess.com"]

[Event "Titled Tuesday Blitz May 31 Early 2022"]
[White "Manukian, Artak"]
[Black "Vovk, Orest"]
[WhiteFideId "13301373"]
[BlackFideId "14113490"]
[WhiteElo "2556"]
[BlackElo "2203"]
[Result "1-0"]
[Round "11"]
[TimeControl "180+1"]
[Date "2022.05.31"]
[WhiteClock "0:00:28"]
[BlackClock "0:00:09"]

1. e4 g5 2. d4 h6 3. Nc3 Bg7 4. Be3 c5 5. dxc5 Bxc3+ 6. bxc3 Nc6 7. Bd3 Qa5 8. Ne2 Nf6 9. O-O Ng4 10. Bd2 Qxc5 11. Nd4 Nge5 12. Nb3 Qb6 13. c4 d6 14. Be3 Qc7 15. Be2 Be6 16. c5 O-O-O 17. cxd6 Rxd6 18. Qe1 Rhd8 19. Qc3 f6 20. Nc5 Nd4 21. Bxd4 Rxd4 22. Rab1 Bc4 23. Qh3+ e6 24. Bxc4 Qxc5 25. Qxe6+ Kc7 26. Bd5 b6 27. Qxf6 Qd6 28. Qxd6+ Rxd6 29. Rfd1 Ra4 30. f3 a5 31. Bb3 Rad4 32. Rxd4 Rxd4 33. Re1 Rd2 34. Kf1 b5 35. Re2 Rd1+ 36. Kf2 a4 37. Bd5 Kd6 38. Ke3 Rh1 39. g3 g4 40. f4 Nf3 41. Bb7 Nxh2 42. e5+ Kc7 43. Bxh1 1-0


[Site "https://www.chess.com"]

[Event "Titled Tuesday Blitz May 31 Early 2022"]
[White "Martinez Alcantara, Jose Eduardo"]
[Black "Kovalev, Vladislav"]
[WhiteFideId "3805662"]
[BlackFideId "13504398"]
[WhiteElo "2690"]
[BlackElo "2530"]
[Result "0-1"]
[Round "11"]
[TimeControl "180+1"]
[Date "2022.05.31"]
[WhiteClock "0:00:03"]
[BlackClock "0:00:10"]

1. e4 e5 2. Nf3 Nc6 3. Bb5 a6 4. Ba4 Nf6 5. d3 d6 6. c3 g6 7. h3 Bg7 8. Be3 O-O 9. O-O Re8 10. Nbd2 h6 11. Re1 d5 12. a3 b5 13. Bc2 Nh5 14. exd5 Qxd5 15. Ne4 Be6 16. Nc5 Qd6 17. Nxe6 Qxe6 18. Bb3 Qd7 19. Qc2 Rad8 20. Rad1 Kh7 21. d4 e4 22. Ne5 Nxe5 23. dxe5 Qf5 24. Bc1 Rxd1 25. Qxd1 Nf4 26. Bxf4 Qxf4 27. g3 Qf5 28. Qg4 Qxg4 29. hxg4 Rxe5 30. Bxf7 e3 31. fxe3 Re7 32. Bd5 Bf6 33. Kf2 Kg7 34. Ra1 Be5 35. e4 a5 36. Rc1 c5 37. a4 b4 38. Rc2 bxc3 39. bxc3 Re8 40. Ke2 Rb8 41. Kd3 Kf6 42. Rf2+ Kg5 43. Kc4 Bxg3 44. Rf7 Be5 45. Ra7 Kxg4 46. Rxa5 h5 47. Ra6 g5 48. Rh6 h4 49. a5 Rb1 50. a6 Ra1 51. Kb5 Kg3 52. Rh7 c4 53. a7 g4 54. a8=Q Rxa8 55. Bxa8 h3 56. Bc6 Kf2 57. Bd7 Kf3 58. Kxc4 h2 59. Kd5 g3 60. Bf5 g2 61. Rxh2 g1=Q 62. Rh3+ Bg3 63. Ke6 Qc5 64. Rh5 Kf4 65. Kf7 Qd6 66. Rh7 Qc7+ 67. Kg6 Qxc3 68. Rf7 Bf2 69. Be6+ Kg3 70. Bf5 Bd4 71. Kh6 Be5 72. Kg6 Qc5 73. Kh5 Qd6 74. Rh7 Bf4 75. Rg7+ Kf3 76. Rg6 Qd2 77. Rg4 Qh2+ 78. Rh4 Qb2 79. Rh3+ Bg3 80. Kg6 Qe5 81. Rh7 Qe8+ 82. Rf7 Bf4 83. Kf6 Ke3 84. Re7 Qf8+ 85. Ke6 Qh6+ 86. Kd7 Qd6+ 87. Ke8 Bg5 88. Re6 Qd8+ 89. Kf7 Kf4 90. Kg6 Bh4 91. Kf7 Kg5 92. Rg6+ Kf4 93. Rg4+ Ke5 94. Rg6 Qc7+ 95. Kg8 Bf6 96. Rg4 Qe7 97. Rg6 Qe8+ 98. Kh7 Qh8# 0-1


[Site "https://www.chess.com"]

[Event "Titled Tuesday Blitz May 31 Early 2022"]
[White "Martins, Bruno Andre Leite"]
[Black "Kvaloy, Aksel Bu"]
[WhiteFideId "1942255"]
[BlackFideId "1528815"]
[WhiteElo "2153"]
[BlackElo "2053"]
[Result "1/2-1/2"]
[Round "11"]
[TimeControl "180+1"]
[Date "2022.06.01"]
[WhiteClock "0:00:04"]
[BlackClock "0:00:04"]

1. d4 Nf6 2. Bf4 e6 3. Nd2 d5 4. e3 Bd6 5. Bg3 O-O 6. Bd3 c5 7. c3 Qc7 8. Ngf3 Nbd7 9. Qe2 e5 10. dxe5 Nxe5 11. Nxe5 Bxe5 12. O-O Bxg3 13. hxg3 Bg4 14. Nf3 Rfe8 15. Qc2 Rad8 16. Bf5 Bh5 17. Ng5 h6 18. Nh3 Bg4 19. Bxg4 Nxg4 20. Rad1 Nf6 21. Nf4 Qc6 22. Rd3 Re7 23. Rfd1 Red7 24. Qe2 Qa6 25. a3 Qc4 26. Qf3 Ne4 27. Qg4 Nf6 28. Qf5 Qe4 29. Qxe4 dxe4 30. Rxd7 Rxd7 31. Rxd7 Nxd7 32. Nd5 Ne5 33. b4 Nc4 34. a4 cxb4 35. cxb4 Kf8 36. Nc3 Nd6 37. Kf1 Ke8 38. Ke2 Kd7 39. f3 exf3+ 40. gxf3 Ke6 41. e4 h5 42. Kd3 g5 43. Ne2 f6 44. f4 Nf7 45. Nd4+ Kd6 46. Nb5+ Kd7 47. Nxa7 Nd6 48. e5 fxe5 49. fxe5 Nf5 50. Nb5 Nxg3 51. Nd6 Ke6 52. Nxb7 Kxe5 53. a5 Kd5 54. a6 Kc6 55. Nc5 Kb6 56. b5 Nf5 57. Ne6 g4 58. Ke4 Nd6+ 59. Kf4 Nxb5 60. a7 Nxa7 61. Ng7 Nc6 62. Nxh5 Nd4 63. Kg3 Kc5 64. Nf6 Kc4 65. Ne4 Kd3 66. Nc5+ Ke3 67. Ne6 Nf5+ 68. Kxg4 1/2-1/2


[Site "https://www.chess.com"]

[Event "Titled Tuesday Blitz May 31 Early 2022"]
[White "Meunier-Pion, Jean"]
[Black "Skliarov, Viktor"]
[WhiteFideId "20685327"]
[BlackFideId "14106736"]
[WhiteElo "2124"]
[BlackElo "2229"]
[Result "1-0"]
[Round "11"]
[TimeControl "180+1"]
[Date "2022.06.01"]
[WhiteClock "0:00:06"]
[BlackClock "0:00:02"]

1. e4 c5 2. Nf3 Nc6 3. Bb5 e6 4. Bxc6 bxc6 5. O-O Ne7 6. Re1 Ng6 7. d4 cxd4 8. Qxd4 c5 9. Qc3 Bb7 10. Be3 Rc8 11. Nbd2 f6 12. Rad1 Be7 13. h4 O-O 14. h5 Nh8 15. h6 Nf7 16. hxg7 Kxg7 17. Bf4 Rg8 18. Nc4 Kh8 19. e5 Bd5 20. Nd6 Nxd6 21. exd6 Bf8 22. Ng5 Rxg5 23. Bxg5 Bg7 24. Bh4 Qf8 25. Bg3 Qf7 26. b3 Qh5 27. Qe3 Rg8 28. Qf4 f5 29. Rxd5 exd5 30. Qh4 Qxh4 31. Bxh4 Bd4 32. Re7 c4 33. bxc4 dxc4 34. Rxd7 Rg4 35. g3 h5 36. Kg2 Rg6 37. Rd8+ Kh7 38. Kf3 Bb6 39. Rd7+ Kg8 40. Kf4 Rg4+ 41. Kxf5 Rd4 42. Bf6 Rg4 43. Rb7 Ba5 44. d7 1-0


[Site "https://www.chess.com"]

[Event "Titled Tuesday Blitz May 31 Early 2022"]
[White "Milanovic, Marko"]
[Black "Maiorov, Nikita"]
[WhiteFideId "980129"]
[BlackFideId "13501720"]
[WhiteElo "2151"]
[BlackElo "2417"]
[Result "1-0"]
[Round "11"]
[TimeControl "180+1"]
[Date "2022.06.01"]
[WhiteClock "0:00:01"]
[BlackClock "0:00:02"]

1. e4 c6 2. d4 d5 3. Nd2 dxe4 4. Nxe4 Bf5 5. Ng3 Bg6 6. h4 h6 7. Nf3 Nd7 8. h5 Bh7 9. Bd3 Bxd3 10. Qxd3 e6 11. Bd2 Ngf6 12. O-O-O Be7 13. Ne4 Nxe4 14. Qxe4 Nf6 15. Qe2 Qd5 16. c4 Qe4 17. Be3 O-O 18. Nd2 Qf5 19. f3 Rfd8 20. g4 Qa5 21. Kb1 e5 22. g5 hxg5 23. Bxg5 exd4 24. Qxe7 Qxg5 25. Rdg1 Qf5+ 26. Ka1 Rd7 27. Qe1 Qf4 28. Rh4 Qh6 29. Qg3 Re8 30. f4 Re3 31. Nf3 d3 32. Qf2 Re2 33. Qf1 Ne4 34. Ne5 Rd4 35. Nxd3 Rd2 36. Ne5 Nf2 37. Ng4 Nxg4 38. Rhxg4 Kf8 39. a3 Qd6 40. Qf3 R4d3 41. Qe4 Rxa3+ 42. Kb1 Rxb2+ 43. Kxb2 Qb4+ 44. Kc2 Ra2+ 45. Kc1 1-0


[Site "https://www.chess.com"]

[Event "Titled Tuesday Blitz May 31 Early 2022"]
[White "Mitrovic, Darko R"]
[Black "Gracia Alvarez, Gerardo Antonio"]
[WhiteFideId "927023"]
[BlackFideId "5109124"]
[WhiteElo "2150"]
[BlackElo "2139"]
[Result "1/2-1/2"]
[Round "11"]
[TimeControl "180+1"]
[Date "2022.06.01"]
[WhiteClock "0:00:03"]
[BlackClock "0:00:21"]

1. d4 Nf6 2. c4 c5 3. d5 b5 4. cxb5 a6 5. bxa6 g6 6. Nc3 Bg7 7. Nf3 O-O 8. g3 d6 9. Bg2 Nbd7 10. O-O Nb6 11. Rb1 Bf5 12. Ra1 Ne4 13. Bd2 Rxa6 14. Nh4 Nxc3 15. Bxc3 Bd7 16. f4 Bxc3 17. bxc3 Qa8 18. Qd3 Rxa2 19. Rxa2 Qxa2 20. f5 Kg7 21. Qf3 Nc4 22. fxg6 hxg6 23. Nxg6 Kxg6 24. Qe4+ Kg7 25. Qxe7 Ne5 26. Qf6+ Kg8 27. Be4 Qxe2 28. Qg5+ Ng6 29. Bxg6 Qg4 30. Qxg4 Bxg4 31. Be4 Re8 32. Bf5 Bxf5 33. Rxf5 Re3 34. c4 Rc3 35. Rf6 Rc1+ 36. Kg2 Rxc4 37. Rxd6 Rc2+ 38. Kf3 Rd2 39. Rc6 Rxd5 40. Ke4 Rd2 41. Ke3 Rxh2 42. Rxc5 Rh6 43. Kf3 Kg7 44. Rg5+ Kf6 45. Rg4 Rh1 46. Rf4+ Ke6 47. Re4+ Kf6 48. Rf4+ Kg7 49. Rg4+ Kf8 50. Rf4 Ra1 51. Kg2 Ra2+ 52. Kh3 Ke7 53. Rh4 f6 54. Rf4 Ke6 55. Re4+ Kf5 56. Rf4+ Ke5 57. Rh4 f5 58. Rf4 Ra1 59. Rh4 Rh1+ 60. Kg2 Ra1 61. Kh3 Ra2 62. Rf4 Ra7 63. Rh4 Rg7 64. Rf4 Rh7+ 65. Rh4 Rd7 66. Rf4 Kf6 67. Rh4 Kg5 68. Rf4 Rd1 69. Rh4 Rh1+ 70. Kg2 Rxh4 71. gxh4+ Kxh4 72. Kf3 Kg5 73. Kg3 f4+ 74. Kf3 Kf5 75. Kf2 Kg4 76. Kg2 f3+ 77. Kf2 Kf4 78. Kf1 Ke4 79. Kf2 Kf4 80. Kf1 Kg3 81. Kg1 f2+ 82. Kf1 Kf3 1/2-1/2


[Site "https://www.chess.com"]